 Dungeon Crawl Stone Soup version 0.25-a0-829-g4e6a552 (webtiles) character file.

Game seed: 15069285075919875529, levelgen mode: deterministic

90 ASSMAN the Cutter (level 4, -2/33 HPs)
             Began as a Demonspawn Assassin on Apr 22, 2020.
             Shot with an arrow by a centaur (5 damage)
             ... on level 5 of the Dungeon.
             The game lasted 00:03:59 (1751 turns).

ASSMAN the Cutter (Demonspawn Assassin)             Turns: 1751, Time: 00:04:00

Health: -2/33      AC:  6    Str: 11    XL:     4   Next: 32%
Magic:  4/4        EV: 11    Int: 14    God:
Gold:   88         SH:  0    Dex: 14    Spells: 3/3 levels left

rFire    + . .     SeeInvis .   a - +2 dagger
rCold    . . .     Gourm    .   (no shield)
rNeg     . . .     Faith    .   b - +0 robe
rPois    .         Spirit   .   (no helmet)
rElec    .         Reflect  .   c - +0 cloak
rCorr    .         Harm     .   (no gloves)
MR       .....                  (no boots)
Stlth    +.........             (no amulet)
HPRegen  0.11/turn              l - +3 ring of protection
MPRegen  0.09/turn              k - ring of attention (curse)

@: no status effects
A: claws 1, fire resistance 1
a: no special abilities


You were on level 5 of the Dungeon.
You were near starving.

You visited 1 branch of the dungeon, and saw 6 of its levels.

You collected 88 gold pieces.

Inventory:

Hand Weapons
 a - a +2 dagger (weapon)
Missiles
 d - 5 poisoned darts (quivered)
 e - 2 curare-tipped darts
Armour
 b - a +0 robe (worn)
 c - a +0 cloak (worn)
Jewellery
 k - a cursed ring of attention (right claw)
 l - a +3 ring of protection (left claw)
Potions
 g - a potion of curing {unknown}
 h - a potion of mutation {unknown}
 i - a potion of flight {unknown}
Comestibles
 f - 2 rations


   Skills:
 - Level 2.0 Fighting
 - Level 4.0 Short Blades
 - Level 1.7 Throwing
 - Level 0.8 Dodging
 - Level 3.6 Stealth
 + Level 1.1 Unarmed Combat


You had 3 spell levels left.
You didn't know any spells.
Your spell library was empty.

Dungeon Overview and Level Annotations

Branches:
Dungeon (6/15)
 Temple: D:4-7

Altars:

Annotations:
D:3 exclusion: downstairs, Ijyb
D:4 Sigmund


Innate Abilities, Weirdness & Mutations

You have sharp fingernails.
Your flesh is heat resistant. (rF+)


Message History

Unknown command.
l - a +3 ring of protection (left claw) Oops, that ring feels deathly cold.
k - a cursed ring of attention (right claw)
As you read the scroll labeled KUTEUPH GEPN, it crumbles to dust.
You feel strangely unstable.
It was a scroll of teleportation.
Your surroundings suddenly seem different.
Found an amethyst potion and a scroll labeled JUAMO IJYAVISA.
Found a stone staircase leading up.
A centaur comes into view.
The centaur shouts!
The centaur wields a +0 shortbow.
The centaur shoots an arrow.
The arrow hits you.
* * * LOW HITPOINT WARNING * * *
The centaur shoots an arrow.
The arrow hits you.
* * * LOW HITPOINT WARNING * * *
Things that are here:
2 arrows; a scroll labeled JUAMO IJYAVISA The centaur shoots an arrow.
The arrow hits you.
You die...

..c... ......
...... .... .
... #.
###.######
#.#####.........
#....!.@(.#
###<......#
#.......#
#.......#
#########


You could see a centaur.

Vanquished Creatures
  A gnoll (D:1)
  3 adders (D:3)
  A shadow imp (D:6)
  An adder zombie (D:6)
  2 orcs
  2 giant cockroaches (D:1)
  4 goblins (D:1)
  8 hobgoblins
  3 jackals
  A ball python (D:1)
  2 bats (D:1)
  A frilled lizard (D:2)
  6 kobolds
  7 rats
42 creatures vanquished.

Notes
Turn   | Place    | Note
-------+----------+-------------------------------------------
     0 | D:1      | ASSMAN the Demonspawn Assassin began the quest for the Orb.
     0 | D:1      | Reached XP level 1. HP: 16/16 MP: 1/1
    59 | D:1      | Reached skill level 2 in Short Blades
   217 | D:1      | Gained mutation: Your flesh is heat resistant. (rF+)
                  | [demonic ancestry]
   217 | D:1      | Reached XP level 2. HP: 20/22 MP: 2/2
   519 | D:1      | Reached skill level 3 in Short Blades
   826 | D:1      | Reached XP level 3. HP: 21/27 MP: 3/3
  1435 | D:3      | Reached skill level 4 in Short Blades
  1435 | D:3      | Gained mutation: You have sharp fingernails. [demonic
                  | ancestry]
  1435 | D:3      | Reached XP level 4. HP: 33/33 MP: 4/4
  1463 | D:3      | Noticed Ijyb
  1471 | D:4      | Noticed Sigmund
  1508 | D:3      | You fall into a shaft and drop 3 floors!
  1509 | D:6      | Noticed a bullfrog
  1522 | D:6      | Noticed a bullfrog
  1695 | D:5      | Entered Level 5 of the Dungeon
  1725 | D:6      | Reached skill level 1 in Unarmed Combat
  1750 | D:5      | Noticed a centaur
  1751 | D:5      | Shot with an arrow by a centaur

Levels and vault maps discovered:
D:1:      dpeg_arrival_three_bigger_balls, layout_basic
D:2:      layout_rooms, cheibriados_altar_1
D:3:      layout_loops_ring, gammafunk_temple_overflow_wave, kennysheep_doodads,
          uniq_ijyb
D:4:      layout_rooms, grunt_temple_overflow_growth_and_decay,
          kennysheep_ying_yang, lemuel_coloured_pillars_altar, enter_ossuary_3,
          serial_shops, shop, shop, kennysheep_mini_moat, shop, shop,
          uniq_sigmund
D:5:      layout_rooms, tso_oasis_becter, grunt_qazlal_sundering, first_ration,
          ebering_ghost_reflecting_pool, supply_closet_lemuel,
          hangedman_decor_push
D:6:      layout_basic, kennysheep_little_box,
          minmay_temple_entry_gardened_gates, portal_sewer_entry_d,
          lightli_corner_chamber

Skill      XL: |  1  2  3  4 |
---------------+-------------+-----
Short Blades   | 2 3 4 |  4.0
Unarmed Combat | 1 |  1.1
Fighting       | |  2.0
Throwing       | |  1.7
Dodging        | |  0.8
Stealth        | |  3.6

Action                   |  1- 3 |  4- 6 || total
-------------------------+-------+-------++-------
Melee: Dagger            |    87 |    41 ||   128
       Punch             |       |     1 ||     1
Throw: Dart              |    12 |       ||    12
  Use: Scroll            |     2 |     1 ||     3
 Stab: Sleeping          |     5 |     1 ||     6
  Eat: Chunk             |     1 |       ||     1
Armor: Robe              |    12 |    27 ||    39
Dodge: Dodged            |    38 |    52 ||    90

Table legend:
 A = Non-vault XP
 B = Vault XP
 C = Vault XP percentage of total XP
 D = Non-vault monster count
 E = Vault monster count
 F = Vault count percentage of total count
                 A         B        C        D         E       F
            +---------+---------+-------+---------+---------+-------
      Total |     129 |       0 |   0.0 |      42 |       0 |   0.0
            +---------+---------+-------+---------+---------+-------
        D:1 |      55 |       0 |   0.0 |      27 |       0 |   0.0
        D:2 |       5 |       0 |   0.0 |       4 |       0 |   0.0
        D:3 |      41 |       0 |   0.0 |       4 |       0 |   0.0
        D:5 |       5 |       0 |   0.0 |       2 |       0 |   0.0
        D:6 |      23 |       0 |   0.0 |       5 |       0 |   0.0
            +---------+---------+-------+---------+---------+-------
